Map: Romanticide LE

Players

IIIIIIIIIIII - Winner!

  • Race: Protoss Protoss
  • League: Master

ClemenC

  • Race: Protoss Protoss
  • League: Master

VOD

Have the link to the VOD?

Description

Time

  • Played on: May 30, 2021, 3:09 p.m.
  • Length: 4:56
Show
View Real Time Build Order
Export as new Build Order

IIIIIIIIIIII Protoss - Winner!

Build Orders:  

Get SALT Encoding   

  12  0:00  Probe  
  13  0:12  Probe  
  14  0:17  Pylon  
  14  0:24  Assimilator  
  14  0:31  Assimilator  
  14  0:40  Gateway  
  14  0:44  Probe (Chrono Boost)  
  15  0:54  Probe (Chrono Boost)  
  16  0:59  Probe (Chrono Boost)  
  17  1:11  Probe  
  18  1:23  Probe  
  19  1:31  Cybernetics Core  
  19  1:35  Probe  
  20  1:47  Pylon  
  20  2:08  Stargate  
  20  2:09  Stargate  
  20  2:44  Void Ray x2 (Chrono Boost), Pylon  
  28  2:58  Pylon  
Show
View Real Time Build Order
Export as new Build Order

ClemenC Protoss 

Build Orders: Dark Templar Rush 

Get SALT Encoding   

  12  0:00  Probe  
  13  0:12  Probe  
  14  0:18  Pylon  
  14  0:24  Probe (Chrono Boost)  
  15  0:36  Probe (Chrono Boost)  
  15  0:37  Gateway  
  16  0:45  Probe (Chrono Boost)  
  16  0:48  Assimilator  
  17  0:51  Probe  
  18  0:57  Assimilator  
  18  1:03  Probe  
  19  1:14  Gateway  
  19  1:15  Probe  
  20  1:26  Cybernetics Core  
  20  1:28  Probe  
  21  1:39  Pylon  
  21  1:40  Probe  
  22  1:52  Probe  
  23  2:02  Stalker (Chrono Boost)  
  23  2:05  Stalker (Chrono Boost), Warp Gate  
  27  2:16  Pylon  
  27  2:26  Stalker  
  27  2:28  Stalker  
  31  2:45  Twilight Council  
  31  3:01  Stalker x2  
  35  3:11  Pylon  
  35  3:16  Shield Battery  
  35  3:24  Dark Shrine  
  35  3:27  Probe  
  36  3:40  Shield Battery  
  36  3:41  Shield Battery  
  28  4:00  Stalker  
  26  4:02  Stalker  
Tags
 
Add a new tag
Caveats
  • Supply blocks, unpowered buildings, or Contaminate may cause inaccurate times.
  • Supply counts are checked every 10 seconds.